 Dungeon Crawl Stone Soup version 0.30-a0-782-ge64f9170bb (webtiles) character file.

Game seed: 7872979162159478885

3 mopl the Vexing (level 1, -1/10 HPs)
             Began as a Deep Elf Enchanter on Mar 13, 2023.
             Frozen to death by an endoplasm (4 damage)
             ... on level 1 of the Dungeon.
             The game lasted 00:00:25 (199 turns).

mopl the Vexing (Deep Elf Enchanter)                 Turns: 199, Time: 00:00:26

Health: -1/10      AC:  2    Str:  5    XL:     1   Next: 41%
Magic:  6/6        EV: 12    Int: 19    God:
Gold:   11         SH:  0    Dex: 15    Spells: 6/6 levels left

rFire   . . .      SeeInvis .    a - +1 dagger
rCold   . . .      Faith    .    (no shield)
rNeg    . . .      Spirit   .    e - +0 robe {Will+}
rPois   .          Reflect  .    (no helmet)
rElec   .          Harm     .    (no cloak)
rCorr   .          Rampage  .    (no gloves)
Will    +....                    (no boots)
Stlth   ++                       (no amulet)
HPRegen 0.21/turn                (no ring)
MPRegen 0.10/turn                (no ring)

@: no status effects
A: no striking features
a: no special abilities


You were on level 1 of the Dungeon.
You visited 1 branch of the dungeon, and saw 1 of its levels.

You collected 11 gold pieces.

Inventory:

Hand Weapons
 a - a +1 dagger (weapon)
Armour
 e - a +0 robe of willpower (worn)
Potions
 c - 2 potions of invisibility
 d - a potion of brilliance {unknown}


   Skills:
 + Level 1.1 Short Blades
 - Level 2.4 Dodging
 + Level 3.7 Stealth
 + Level 3.1 Spellcasting
 + Level 4.1 Hexes


You had 6 spell levels left.
You didn't know any spells.
Your spell library contained the following spells:

 Spells                   Type           Power      Damage    Failure   Level
 Confusing Touch          Hex            18%        N/A       9%          3
 Tukima's Dance           Hex            18%        N/A       9%          3
 Ensorcelled Hibernation  Hex/Ice        20%        N/A       10%         2
 Dazzling Flash           Conj/Hex       20%        N/A       19%         3
 Passwall                 Tmut/Erth      1%         N/A       22%         2
 Swiftness                Air            2%         N/A       41%         3


Dungeon Overview and Level Annotations

Branches:
Dungeon (1/15)

Altars:


Message History

The endoplasm freezes you.
You are frozen.
* * * LOW HITPOINT WARNING * * *
You are too injured to fight recklessly!
You are too injured to fight recklessly!
You hit the endoplasm.
The endoplasm is almost dead.
The endoplasm completely misses you.
You hit the endoplasm.
You kill the endoplasm!
You start resting.
HP restored.
You see here a bat corpse.
You now have 11 gold pieces.
You open the door.
There is an open door here.
You open the door.
There is an open door here.
An endoplasm comes into view.
The endoplasm quivers.
The endoplasm hits you but does no damage.
You hit the endoplasm.
The endoplasm is moderately wounded.
The endoplasm freezes you.
You are frozen.
You hit the endoplasm.
The endoplasm is heavily wounded.
The endoplasm hits you.
You barely miss the endoplasm.
The endoplasm is heavily wounded.
The endoplasm freezes you.
You are frozen.
* * * LOW HITPOINT WARNING * * *
You are too injured to fight recklessly!
You are too injured to fight recklessly!
You hit the endoplasm.
The endoplasm is severely wounded.
The endoplasm freezes you.
You are frozen.
You die...

#.##.. #..#.#####
#####..#.#... #
#........#.##.#
#.....#.......#
#.....##...##.#
#####..#...## ##.#.#..#
#.#.#@.# #####.#.#.J......
#.....#.#.####..# #
#####'#####+#+### # .
####...............# .#
...#...............###+#.#
.#.#.....................#
.#.#.......†..[..........###
.#..†....####...............


You could see an endoplasm.

Vanquished Creatures
  An endoplasm (D:1)
  A hobgoblin (D:1)
  A bat (D:1)
3 creatures vanquished.

Notes
Turn   | Place    | Note
-------+----------+-------------------------------------------
     0 | D:1      | mopl the Deep Elf Enchanter began the quest for the Orb.
     0 | D:1      | Reached XP level 1. HP: 10/10 MP: 6/6
   199 | D:1      | Frozen to death by an endoplasm

Illustrated notes

Levels and vault maps discovered:
D:1:      dpeg_arrival_rooms_b, layout_basic, hellmonk_ecumenical_altar_zigzags

Action                     || total
---------------------------++-------
  Melee: Dagger            ||    18
   Stab: Sleeping          ||     1
 Armour: Robe              ||     2
  Dodge: Dodged            ||     5

Table legend: (Time is in decaauts)
 A = Elapsed time spent in this place.
 B = Non-inter-level travel time spent in this place.
 C = Inter-level travel time spent in this place.
 D = Time resting spent in this place.
 E = Time spent auto-exploring this place.
 F = Levels seen in this place.
 G = Mean time per level.
                   A        B        C        D        E       F      G
               +--------+--------+--------+--------+--------+-----+--------+
         Total |    198 |    198 |      0 |     60 |     86 |   1 |  198.0 |
       Dungeon |    198 |    198 |      0 |     60 |     86 |   1 |  198.0 |
               +--------+--------+--------+--------+--------+-----+--------+

Top non-repeatable levels by time:
     D:1: 198 daAuts
